 Dungeon Crawl Stone Soup version 0.30.1-4-g462c640d31 (webtiles) character file.

Game seed: 6179018755549405428

3165 spardeous the Destroyer (level 9, -1/62 HPs)
             Began as a Demigod Conjurer on Aug 14, 2023.
             Slain by a yak (15 damage)
             ... on level 8 of the Dungeon.
             The game lasted 00:08:29 (8349 turns).

spardeous the Destroyer (Demigod Conjurer)          Turns: 8349, Time: 00:08:30

Health: -1/62      AC:  5    Str: 12    XL:     9   Next: 36%
Magic:  25/25      EV: 12    Int: 28    God:
Gold:   360        SH:  0    Dex: 18    Spells: 17/24 levels left

rFire   . . .        s - +2 dagger (elec)
rCold   . . .        (no shield)
rNeg    . . .        a - +0 robe
rPois   .            w - +0 helmet
rElec   .            (no cloak)
rCorr   .            h - +0 pair of gloves
SInv    .            k - +0 pair of boots
Will    .....        (no amulet)
Stlth   ++           D - +6 ring of dexterity
HPRegen 0.30/turn    (no ring)
MPRegen 0.19/turn

%: no passive effects
@: very slightly contaminated
A: high MP 1, forlorn, divine attributes
a: no special abilities


You were on level 8 of the Dungeon.
You visited 1 branch of the dungeon, and saw 8 of its levels.

You collected 360 gold pieces.

Inventory:

Hand Weapons
 s - a +2 dagger of electrocution (weapon)
Armour
 a - a +0 robe (worn)
 h - a +0 pair of gloves (worn)
 k - a +0 pair of boots (worn)
 w - a +0 helmet (worn)
 A - the +0 scale mail of Subjectivity {Drain Str+2 Dex+4}
   (You found it on level 6 of the Dungeon)

   Str:       It affects your strength (+2).
   Dex:       It affects your dexterity (+4).
   Drain:     It drains your maximum health when unequipped.
Jewellery
 D - a +6 ring of dexterity (left hand)
Wands
 y - a wand of iceblast (6)
 B - a wand of polymorph (4)
 C - a wand of paralysis (11)
Scrolls
 d - 3 scrolls of poison {unknown}
 e - a scroll of enchant armour {unknown}
 f - 2 scrolls of blinking {unknown}
 i - 7 scrolls of identify {unknown}
 l - 2 scrolls of amnesia {unknown}
 o - 3 scrolls of acquirement {unknown}
 p - a scroll of vulnerability {unknown}
 q - 3 scrolls of teleportation {unknown}
 r - a scroll of summoning {unknown}
 t - 2 scrolls of enchant weapon {unknown}
 u - a scroll of fear {unknown}
 z - a scroll of magic mapping {unknown}
Potions
 b - a potion of magic
 c - 2 potions of flight {unknown}
 g - 2 potions of brilliance {unknown}
 j - 3 potions of heal wounds
 m - 4 potions of curing {unknown}
 n - 3 potions of berserk rage {unknown}
 v - 2 potions of invisibility {unknown}
 x - 2 potions of lignification {unknown}


   Skills:
 - Level 1.7 Dodging
 - Level 1.7 Stealth
 + Level 8.3 Spellcasting
 + Level 9.6 Conjurations


You had 17 spell levels left.
You knew the following spells:

 Your Spells              Type           Power      Damage    Failure   Level
a - Magic Dart            Conj           100%       1d8       1%          1
b - Searing Ray           Conj           100%       2d8       1%          2
c - Iskenderun's Mystic   Conj/Tloc      38%        2d9       7%          4

Your spell library contained the following spells:

 Spells                   Type           Power      Damage    Failure   Level
 Static Discharge         Conj/Air       76%        2-6/arc   1%          2
 Dazzling Flash           Conj/Hex       76%        N/A       1%          3
 Fulminant Prism          Conj/Hex       19%        3d10      7%          4
 Ensorcelled Hibernation  Hex/Ice        22%        N/A       8%          2
 Passwall                 Tmut/Erth      9%         N/A       8%          2
 Ozocubu's Armour         Ice            11%        N/A       14%         3
 Swiftness                Air            11%        N/A       14%         3
 Airstrike                Air            5%         2d(1-17)  43%         4
 Summon Lightning Spire   Summ/Air       11%        N/A       43%         4
 Metabolic Englaciation   Hex/Ice        5%         N/A       80%         5
 Simulacrum               Ice/Necr       5%         N/A       100%        6


Dungeon Overview and Level Annotations

Branches:
Dungeon (8/15)             Temple (0/1) D:4
   Lair: D:8-11

Shops:
D:4 :   D:6 !

Annotations:
D:7 1 transporter, sampeng1's ghost, novice HuFi


Innate Abilities, Weirdness & Mutations

You have an increased reservoir of magic. (+10% MP)
You shall have no god before yourself.
Your divine heritage dramatically boosts your attributes as you level up.


Message History

You finish channelling your searing ray.
The yak bellows!
The yak gores you.
You take 6 damage, and have 29/62 hp.
You now have 8/25 mp.
Casting: Searing Ray (safe; 1% risk of failure)
Confirm with . or Enter, or press ? or * to list all spells.
Aiming: Searing Ray (safe; 1% risk of failure)
Press: ? - help, Shift-Dir - straight line, f - yak
Aim: a yak (heavily wounded, 90% to hit)
The searing ray hits the yak.
The yak is severely wounded.
The searing ray hits the yak!
The yak is lightly wounded. (Press . to maintain the ray.)
The yak gores you!
* * * LOW HITPOINT WARNING * * *
You take 12 damage, and have 17/62 hp.
You now have 6/25 mp.
The searing ray hits the yak.
The yak is severely wounded.
The searing ray hits the yak!
The yak is heavily wounded.
The yak gores you!
* * * LOW HITPOINT WARNING * * *
You take 14 damage, and have 3/62 hp.
MASSIVE DAMAGE!!
You now have 5/25 mp.
Casting: Searing Ray (safe; 1% risk of failure)
Confirm with . or Enter, or press ? or * to list all spells.
You miscast Iskenderun's Mystic Blast.
You are very lightly contaminated with residual magic.
You catch a glimpse of the back of your own head.
You are magically locked in place.
The yak barely misses you.
You now have 1/25 mp.
Unknown command.
Unknown command.
You feel much better.
You are no longer locked in place.
The yak gores you!
* * * LOW HITPOINT WARNING * * *
You regained 11 hp, and now have 14/62 hp.
Magic courses through your body. The yak gores you!
You die...

########## #........#
#........# #........#
#........#
#........########## #
#..........##).)..##.#####
#########..†..<...........
##@##..[..[#######
#Y##....).# ####Y####.##)#
##. ##.......#....###...
##............##.....
#....................
#.........))......#
#................##
##.........#......#


You could see 2 yaks.

Vanquished Creatures
  A manticore (D:7)
  Sigmund (D:2)
  A wraith (D:7)
  3 yaks (D:8)
  2 swamp worms (D:8)
  3 water moccasins (D:6)
  2 black bears (D:6)
  2 ogres
  A bullfrog (D:6)
  4 scorpions
  3 wights (D:8)
  2 howler monkeys
  3 hounds
  2 jellies
  3 orc priests
  2 iguanas
  A sleepcap (D:5)
  Jessica (D:3)
  A gnoll bouda (D:7)
  5 orc wizards
  The ghost of Bobit the Covert, a weakling GnDe (D:3)
  3 gnolls (D:7)
  3 adders
  A shadow imp (D:7)
  A white imp (D:7)
  An ufetubus (D:6)
  3 worms
  3 dart slugs
  10 orcs
  4 ball pythons
  5 endoplasms
  2 giant cockroaches
  4 goblins
  6 hobgoblins
  4 jackals (D:1)
  8 kobolds
  A quokka (D:2)
  6 bats
  2 frilled lizards
  4 rats
115 creatures vanquished.

Notes
Turn   | Place    | Note
-------+----------+-------------------------------------------
     0 | D:1      | spardeous the Demigod Conjurer began the quest for the Orb.
     0 | D:1      | Reached XP level 1. HP: 14/14 MP: 5/5
   336 | D:1      | Reached XP level 2. HP: 20/20 MP: 2/7
   451 | D:1      | Learned a level 2 spell: Searing Ray
   541 | D:1      | Reached skill level 4 in Conjurations
  1486 | D:2      | Reached XP level 3. HP: 14/26 MP: 4/9
  1720 | D:2      | Noticed Sigmund
  1727 | D:2      | Killed Sigmund
  1728 | D:2      | Reached skill level 5 in Conjurations
  1728 | D:2      | Reached XP level 4. HP: 28/33 MP: 1/12
  1728 | D:2      | Reached XP level 5. HP: 33/38 MP: 1/13
  2889 | D:3      | Found a runed translucent door.
  2889 | D:3      | Noticed Bobit's ghost (weakling GnDe)
  3055 | D:3      | Noticed Jessica
  3059 | D:3      | Killed Jessica
  3275 | D:3      | Learned a level 4 spell: Iskenderun's Mystic Blast
  3375 | D:3      | Killed Bobit's ghost
  3453 | D:4      | Reached XP level 6. HP: 37/45 MP: 6/15
  3877 | D:4      | Found a staircase to the Ecumenical Temple.
  4070 | D:4      | Found Vosoan's Book Emporium.
  4312 | D:5      | Entered Level 5 of the Dungeon
  4436 | D:5      | Reached skill level 6 in Conjurations
  4595 | D:5      | Reached XP level 7. HP: 50/50 MP: 12/17
  4722 | D:5      | Reached skill level 5 in Spellcasting
  5892 | D:6      | Reached skill level 7 in Conjurations
  5948 | D:6      | Found Zupsyoh's Distillery.
  6167 | D:6      | Reached XP level 8. HP: 27/57 MP: 9/20
  6616 | D:6      | Identified the +0 scale mail of Subjectivity {Drain Str+2
                  | Dex+4}
  6893 | D:7      | Reached skill level 8 in Conjurations
  7391 | D:7      | Found a transporter.
  7392 | D:7      | Noticed sampeng1's ghost (novice HuFi)
  7399 | D:7      | Noticed a manticore
  7426 | D:7      | Killed a manticore
  7714 | D:7      | Noticed a boulder beetle
  7866 | D:8      | Reached XP level 9. HP: 54/62 MP: 12/24
  8070 | D:8      | Reached skill level 9 in Conjurations
  8346 | D:8      | HP: 3/62 [yak (14)]
  8349 | D:8      | Slain by a yak

Illustrated notes

Levels and vault maps discovered:
D:1:      matt_arrival_grand_opening, layout_basic
D:2:      layout_loops_cross, basic_altar, uniq_sigmund
D:3:      layout_basic, gammafunk_ghost_grave, grunt_ministairs_7, uniq_jessica
D:4:      layout_cave_pools, minmay_temple_entry_proselytizer, serial_shops,
          shop, dk_noncrumbling_4, hangedman_decor_diamond_cutter
D:5:      layout_basic, mainiacjoe_overflow_small_starburst
D:6:      layout_loops_ring, overflow_temple_1_default, serial_shops,
          nicolae_shop_real_fake_doors, st_stairs_6,
          hangedman_abyss_or_decor_stagger
D:7:      layout_basic, mainiacjoe_overflow_boulevard, gammafunk_ghost_smash,
          uniq_crazy_yiuf_cottage
D:8:      layout_rooms, nicolae_hepliaklqana_hazy_memory, ebering_ghost_gozag,
          worms_lemuel

Skill      XL: |  1  2  3  4  5  6  7  8  9 |
---------------+----------------------------+-----
Spellcasting   | 2 3 4 6 7 8 |  8.3
Conjurations   | 4 5 6 7 8 9 |  9.6
Dodging        | |  1.7
Stealth        | |  1.7

Action                     |  1- 3 |  4- 6 |  7- 9 || total
---------------------------+-------+-------+-------++-------
  Melee: Unarmed           |       |     1 |       ||     1
         Dagger            |       |       |     4 ||     4
   Cast: Magic Dart        |    67 |    82 |    29 ||   178
         Searing Ray       |     3 |    12 |    48 ||    63
         Iskenderun's Myst |       |       |    14 ||    14
    Use: Potion            |       |       |     3 ||     3
   Stab: Sleeping          |       |       |     1 ||     1
 Armour: Robe              |       |     5 |     7 ||    12
  Dodge: Dodged            |     2 |    10 |    33 ||    45
